 Dungeon Crawl Stone Soup version 0.14-a0-1707-g75daffb (webtiles) character file.

1434 4tharraofdagon the Slasher (level 8, 0/99 HPs)
             Began as a Demigod Gladiator on Dec 31, 2013.
             Slain by a centaur (5 damage)
             ... on Level 9 of the Dungeon.
             The game lasted 00:11:27 (2460 turns).

4tharraofdagon the Slasher (Demigod Gladiator)      Turns: 2460, Time: 00:11:28

HP   0/99        AC  7     Str 26      XL: 8   Next:  9%
MP  15/15        EV 13     Int 14      God:
Gold 134         SH  0     Dex 17      Spells:  0 memorised,  7 levels left

rFire  . . .     SeeInvis +     m - +0 long sword
rCold  . . .     Clarity  +     A - +0 ring mail of Griczoloa {+Rage SInv}
rNeg   . . .     Conserve .     (no shield)
rPois  .         rCorr    .     c - +0 helmet
rElec  .         rRot     .     (no cloak)
SustAb . .       Spirit   .     (no gloves)
rMut   .         Warding  .     (no boots)
Saprov . . .     Stasis   .     r - amulet of clarity
                                (no ring)
                                (no ring)

@: berserking, very quick, somewhat resistant to hostile enchantments, extremely
unstealthy
A: no striking features
a: Evoke Berserk Rage


You were on level 9 of the Dungeon.
You were not hungry.

You visited 1 branch of the dungeon, and saw 9 of its levels.

You collected 134 gold pieces.

Inventory:

Hand weapons
 a - a +0,-3 falchion
 m - a +0,+0 long sword (weapon)
 o - a +0,+0 scimitar
Missiles
 n - 24 darts
 p - a throwing net [frayed]
 x - a throwing net [torn] (quivered)
Armour
 b - a +0 leather armour
 c - a +0 helmet (worn)
 l - a +0 chain mail
 A - the cursed +0 ring mail of Griczoloa (worn) {+Rage SInv}
   (You found it on level 7 of the Dungeon)

   It enhances your eyesight.
   It lets you go berserk.
   It has a curse placed upon it.
 B - a +0 chain mail
Magical devices
 t - a wand of slowing (6)
Comestibles
 f - 6 bread rations
 g - 2 meat rations
 C - an apple
Scrolls
 d - a scroll of enchant armour {unknown}
 h - 3 scrolls of fog {unknown}
 j - a scroll of enchant weapon I {unknown}
 k - a scroll of curse armour {unknown}
 s - 3 scrolls of identify
 u - 3 scrolls of enchant weapon II {unknown}
 v - 2 scrolls of remove curse
 y - a scroll of random uselessness {unknown}
Jewellery
 e - an uncursed ring of teleportation
 r - an amulet of clarity (around neck)
Potions
 w - a potion of cure mutation
 z - a potion of might
Books
 q - a book of the Earth

   Spells                             Type                      Level
   Dig                                Earth                        4
   Leda's Liquefaction                Hexes/Earth                  4
   Bolt of Magma                      Conjuration/Fire/Earth       5
   Statue Form                        Transmutation/Earth          6
   Iron Shot                          Conjuration/Earth            6
   Shatter                            Earth                        9
Rods
 i - a +1 rod of warding (14/14)
   (You found it on level 3 of the Dungeon)


   Skills:
 + Level 4.2 Fighting
 * Level 6.3 Long Blades
 - Level 1.7 Throwing
 + Level 3.8 Armour
 + Level 4.8 Dodging
 + Level 1.9 Evocations


You had 7 spell levels left.
You didn't know any spells.

Dungeon Overview and Level Annotations

Branches:
Dungeon (9/16)             Temple (0/1) D:7
    Orc: D:9-12        Lair: D:8-11

Annotations:
D:3 Grinder
D:9 exclusion: door


Message History

The centaur is moderately wounded.
The centaur barely misses you. The centaur hits you.
* * * LOW HITPOINT WARNING * * *
You barely miss the centaur.
The centaur is moderately wounded.
The centaur hits you.
* * * LOW HITPOINT WARNING * * *
Use which ability? (? or * to list)
Okay, then.
Drink which item? (? for menu, Esc to quit)
Okay, then.
Use which ability? (? or * to list)
A red film seems to cover your vision as you go berserk!
You feel yourself moving faster!
You feel mighty! The centaur barely misses you.
Unknown command.
You hit the centaur.
The centaur is heavily wounded.
The centaur hits you.
You die...

..####### ..# ..# '##
#######################
..%....................
..#..#..#..#(.#..#..#...
.........................
..#..#..#..#.(#(@#..#..
.........(..$....c.......
#######################.


You could see a centaur.

Vanquished Creatures
  A spriggan (D:7)
  A hungry ghost (D:8)
  A sky beast (D:6)
  An ogre (D:6)
  4 giant frogs
  3 jellies
  A centaur zombie (D:5)
  A hound (D:6)
  3 iguanas
  An orc priest (D:8)
  3 orc wizards
  A worker ant (D:5)
  A scorpion (D:8)
  A giant centipede (D:6)
  2 adders
  A giant mite (D:5)
  3 giant geckos
  4 oozes
  11 orcs
  5 giant cockroaches
  2 hobgoblins
  8 jackals
  7 kobolds
  A quokka (D:4)
  9 bats
  A giant newt (D:2)
  5 goblins
  A hobgoblin skeleton (D:6)
  5 rats
88 creatures vanquished.

Vanquished Creatures (others)
  A giant spore (D:7)
1 creature vanquished.

Grand Total: 89 creatures vanquished

Notes
Turn   | Place    | Note
--------------------------------------------------------------
     0 | D:1      | 4tharraofdagon, the Demigod Gladiator, began the quest for the Orb.
     0 | D:1      | Reached XP level 1. HP: 17/17 MP: 2/2
    98 | D:2      | Reached skill level 3 in Long Blades
   138 | D:2      | Reached XP level 2. HP: 5/24 MP: 3/3
   246 | D:3      | Identified a +1 rod of warding (14/14) (You found it on level 3 of the Dungeon)
   729 | D:3      | Reached XP level 3. HP: 20/29 MP: 5/5
   741 | D:3      | Reached skill level 1 in Armour
   770 | D:3      | Noticed Grinder
  1035 | D:5      | Entered Level 5 of the Dungeon
  1058 | D:5      | Reached XP level 4. HP: 9/37 MP: 7/7
  1187 | D:5      | Reached skill level 4 in Long Blades
  1187 | D:5      | Reached XP level 5. HP: 39/44 MP: 8/8
  1316 | D:6      | Found a glowing drain.
  1316 | D:6      | Noticed an ogre
  1345 | D:6      | Killed an ogre
  1345 | D:6      | Reached XP level 6. HP: 20/51 MP: 10/10
  1423 | D:6      | Noticed a sky beast
  1462 | D:6      | Killed a sky beast
  1462 | D:6      | Reached skill level 5 in Long Blades
  1499 | D:6      | Reached XP level 7. HP: 29/57 MP: 12/12
  1750 | D:6      | Noticed an ogre
  1756 | D:6      | Noticed an ogre
  1816 | D:8      | Found a shattered altar of Ashenzari.
  1961 | D:7      | Found a staircase to the Ecumenical Temple.
  1988 | D:7      | Got a steaming ring mail
  2003 | D:7      | Identified the cursed +0 ring mail of Griczoloa {+Rage SInv} (You found it on level 7 of the Dungeon)
  2018 | D:7      | Noticed a spriggan baker
  2030 | D:7      | Killed a spriggan baker
  2030 | D:7      | Reached skill level 6 in Long Blades
  2030 | D:7      | Reached skill level 1 in Evocations
  2286 | D:8      | Reached XP level 8. HP: 51/66 MP: 15/15
  2458 | D:9      | HP: 3/66 [centaur (5)]
  2460 | D:9      | Slain by a centaur

Action                   |  1- 3 |  4- 6 |  7- 9 || total
-------------------------+-------+-------+-------++-------
Melee: Falchion          |    69 |    23 |    11 ||   103
       Scimitar          |    79 |    98 |    81 ||   258
       Long sword        |       |       |     7 ||     7
Throw: Throwing net      |       |     3 |       ||     3
 Abil: Evoke Berserk Rag |       |       |     3 ||     3
Evoke: Rod               |     1 |     1 |     2 ||     4
       Wand              |       |       |     1 ||     1
  Use: Potion            |     2 |     4 |       ||     6
       Scroll            |     2 |       |     3 ||     5
